 Dungeon Crawl Stone Soup version 0.27.0-1-g7a089689b8 (webtiles) character file.

Game seed: 3708854113275452210

34 horus123 the Conjurer (level 3, -5/24 HPs)
             Began as a Human Conjurer on Aug 4, 2021.
             Was a Follower of Zin.
             Slain by Crazy Yiuf (12 damage)
             ... on level 2 of the Dungeon.
             The game lasted 00:04:47 (1452 turns).

horus123 the Conjurer (Human Conjurer)              Turns: 1452, Time: 00:04:48

Health: -5/24      AC:  2    Str:  7    XL:     3   Next: 50%
Magic:  3/6        EV: 12    Int: 19    God:    Zin [*.....]
Gold:   0          SH:  0    Dex: 11    Spells: 3/6 levels left

rFire    . . .     SeeInvis .   k - +2 short sword (venom)
rCold    . . .     Faith    .   (no shield)
rNeg     . . .     Spirit   .   a - +0 robe
rPois    .         Reflect  .   (no helmet)
rElec    .         Harm     .   (no cloak)
rCorr    .         Rampage  .   (no gloves)
Will     .....                  (no boots)
Stlth    ++........             (no amulet)
HPRegen  0.08/turn              (no ring)
MPRegen  0.10/turn              (no ring)

@: no status effects
A: no striking features
a: Renounce Religion, Recite, Donate Gold


You were on level 2 of the Dungeon.
You worshipped Zin.
Zin was aware of your devotion.
You visited 1 branch of the dungeon, and saw 2 of its levels.

Inventory:

Hand Weapons
 k - a +2 short sword of venom (weapon)
Armour
 a - a +0 robe (worn)
Magical Staves
 f - a staff of poison
Scrolls
 b - a scroll of noise {unknown}
 c - a scroll of identify {unknown}
 e - 2 scrolls of teleportation {unknown}
 g - a scroll of fear {unknown}
 i - a scroll of summoning {unknown}
Potions
 d - a potion of curing {unknown}
 h - a potion of heal wounds {unknown}
 j - a potion of cancellation {unknown}


   Skills:
 + Level 2.2 Dodging
 + Level 2.0 Stealth
 + Level 2.2 Spellcasting
 + Level 4.7 Conjurations


You had 3 spell levels left.
You knew the following spells:

 Your Spells              Type           Power      Damage    Failure   Level
a - Magic Dart            Conj           80%        1d7       2%          1
b - Searing Ray           Conj           40%        3d4       3%          2

Your spell library contained the following spells:

 Spells                   Type           Power      Damage    Failure   Level
 Dazzling Flash           Conj/Hex       22%        N/A       19%         3
 Fulminant Prism          Conj/Hex       5%         3d7       52%         4
 Iskenderun's Mystic Bla  Conj/Tloc      11%        2d4       52%         4


Dungeon Overview and Level Annotations

Branches:
Dungeon (2/15)

Altars:
Zin

Shops:
D:1 [

Annotations:
D:2 Crazy Yiuf


Message History

You see here a +0 dagger.
You cannot tell which god this altar belongs to.
Convert to them anyway?
Okay, then.
An endoplasm comes into view.
The magic dart hits the endoplasm.
The endoplasm is severely wounded.
The magic dart hits the endoplasm.
The endoplasm is almost dead.
The magic dart hits the endoplasm.
You kill the endoplasm!
There is a faded altar of an unknown god here.
You see here a +0 dagger.
You cannot tell which god this altar belongs to.
Convert to them anyway?
Zin accepts your prayer! Zin welcomes you!
You can now donate money to Zin.
You can now recite Zin's Axioms of Law.
Okay, then.
Okay, then.
You start resting.
Magic restored.
Crazy Yiuf shouts!
Crazy Yiuf sings, "Trees, trees, trees, circus!"
You open the door.
Casting: Magic Dart (safe; 2% risk of failure)
Confirm with . or Enter, or press ? or * to list all spells.
Aiming: Searing Ray (safe; 3% risk of failure)
Press: ? - help, Shift-Dir - straight line, f - Crazy Yiuf
Aim: Crazy Yiuf, wielding a +4 quarterstaff of chaos and wearing a +2 cloak (81% to hit)
The searing ray hits Crazy Yiuf.
Crazy Yiuf is moderately wounded. (Press . to maintain the ray.)
The searing ray hits Crazy Yiuf but does no damage.
Crazy Yiuf is moderately wounded.
Crazy Yiuf says, "Crazy?
Crazy!?
PORCUPINE!"
Crazy Yiuf hits you with a +4 quarterstaff of chaos!
Ouch! That really hurt!
* * * LOW HITPOINT WARNING * * *
You are electrocuted!
Ouch! That really hurt!
You die...

### ###### #)..###
##P.#.#######
#...g@####PP........<.
#...##..#.........####
### ###.#...#........
#######.##.####
#.....#
###########.##..#
..........#.##..#
#.........#
#.....###.#


You could see Crazy Yiuf.

Vanquished Creatures
  An adder (D:2)
  A dart slug (D:1)
  A bat (D:1)
  2 endoplasms
  3 goblins (D:1)
  3 hobgoblins
  2 jackals (D:1)
  2 quokkas (D:1)
  2 ball pythons (D:1)
  A frilled lizard (D:1)
  A rat (D:2)
19 creatures vanquished.

Notes
Turn   | Place    | Note
-------+----------+-------------------------------------------
     0 | D:1      | horus123 the Human Conjurer began the quest for the Orb.
     0 | D:1      | Reached XP level 1. HP: 13/13 MP: 3/3
    85 | D:1      | Found Xoicular's Armour Emporium.
   297 | D:1      | Reached XP level 2. HP: 19/19 MP: 0/5
   372 | D:1      | Learned a level 2 spell: Searing Ray
  1046 | D:1      | Reached XP level 3. HP: 24/24 MP: 3/6
  1358 | D:2      | Found a runed translucent door.
  1359 | D:2      | Noticed Crazy Yiuf
  1372 | D:2      | Found a faded altar of an unknown god.
  1400 | D:2      | Became a worshipper of Zin the Law-Giver
  1400 | D:2      | Reached * piety under Zin
  1452 | D:2      | Slain by Crazy Yiuf

Illustrated notes

Levels and vault maps discovered:
D:1:      moated_graveyard_arrival, layout_loops_corners, serial_shops,
          nicolae_diamond_shop, serial_bayou_lagoon_b
D:2:      layout_loops_ring, ebering_ecumenical_altar_sacrificial,
          minmay_diced_spiral, uniq_crazy_yiuf_cottage, uniq_natasha

Action                   || total
-------------------------++-------
 Cast: Magic Dart        ||    36
       Searing Ray       ||     3
Armor: Robe              ||     1
Dodge: Dodged            ||     3
